 Dungeon Crawl Stone Soup version 0.20-a0-640-g62ed22f (webtiles) character file.

13411 penismuncher the Martial Artist (level 12, -7/74 HPs)
             Began as an Octopode Monk on Feb 12, 2017.
             Was an Elder of Cheibriados.
             Mangled by a six-headed hydra (8 damage)
             ... on level 2 of the Lair of Beasts.
             The game lasted 00:12:35 (11826 turns).

penismuncher the Martial Artist (Octopode Monk)    Turns: 11826, Time: 00:12:35

Health: -7/74      AC:  1    Str: 19    XL:     12   Next: 5%
Magic:  17/26      EV: 21    Int: 26    God:    Cheibriados [****..]
Gold:   658        SH: 12    Dex: 27    Spells: 7/11 levels left

rFire    . . .     SeeInvis .     - Unarmed
rCold    . . .     Gourm    .   u - +0 shield
rNeg     . . .     Faith    .   (helmet restricted)
rPois    .         Spirit   .   (no amulet)
rElec    .         Reflect  .   n - ring of magical power
rCorr    .         Harm     .   s - +2 ring of evasion
MR       .....                  t - +1 ring of evasion
Stlth    ++++......             f - +3 ring of intelligence
Regen    0.3/turn               (no ring)
MPRegen  0.2/turn               (no ring)
                                (no ring)
                                (no ring)

@: very slow
A: almost no armour, stealthy swim, amphibious, 8 rings, constrict 8, camouflage
1, gelatinous body 1
a: Bend Time, Temporal Distortion, Slouch, Renounce Religion


You were on level 2 of the Lair of Beasts.
You worshipped Cheibriados.
Cheibriados was greatly pleased with you.
You were not hungry.

You visited 3 branches of the dungeon, and saw 13 of its levels.

You collected 658 gold pieces.

Inventory:

Missiles
 z - a throwing net (quivered)
Armour
 u - a +0 shield (worn)
Jewellery
 f - a +3 ring of intelligence (on tentacle)
 n - a ring of magical power (left tentacle)
 s - a +2 ring of evasion (right tentacle)
 t - a +1 ring of evasion (on tentacle)
 M - a cursed ring of loudness {unknown}
Wands
 v - a wand of lightning (9/15)
 B - a wand of lightning (1/15)
 H - a wand of polymorph (11/24)
 K - a wand of iceblast (3/15)
 N - a wand of confusion (28/48)
Scrolls
 b - 11 scrolls of teleportation
 d - 4 scrolls of amnesia
 q - 8 scrolls of remove curse
 r - a scroll of enchant weapon
 y - a scroll of immolation
 A - a scroll of blinking
 C - 3 scrolls of enchant armour {unknown}
 D - a scroll of fog {unknown}
 F - a scroll of magic mapping
 I - 3 scrolls of recharging
 L - a scroll of summoning {unknown}
Potions
 c - 4 potions of curing {unknown}
 e - 4 potions of mutation {unknown}
 g - a potion of magic {unknown}
 h - 2 potions of invisibility
 i - a potion of agility {unknown}
 l - 2 potions of flight
 o - a potion of might {unknown}
 p - 3 potions of berserk rage {unknown}
 w - 3 potions of lignification {unknown}
 E - a potion of cancellation
 G - a potion of ambrosia
 J - a potion of brilliance {unknown}
Comestibles
 a - 7 bread rations
 j - 5 royal jellies
 m - 8 meat rations
 x - 4 fruits


   Skills:
 + Level 3.7 Fighting
 + Level 6.2 Dodging
 - Level 2.6 Stealth
 * Level 6.6 Shields
 + Level 14.0 Unarmed Combat
 * Level 5.6 Transmutations
 * Level 7.4 Invocations


You had 7 spell levels left.
You knew the following spells:

 Your Spells              Type           Power        Failure   Level  Hunger
a - Petrify               Tmut/Erth      ##......     95%         4    #####..


Dungeon Overview and Level Annotations

Branches:
Dungeon (10/15)            Temple (0/1) D:7            Lair (2/6) D:8
    Orc (1/2) D:10
  Swamp: Lair:2-4    Shoals: Lair:2-4     Snake: Lair:2-4    Spider: Lair:2-4

Altars:
Cheibriados
Hepliaklqana
Kikubaaqudgha
Sif Muna
Trog
Uskayaw
Xom
Yredelemnul
Zin
Beogh

Shops:
D:5 (   D:6 :   D:7 (

Annotations:
D:7 exclusion: downstairs
D:10 exclusion: downstairs
Lair:2 1 runed door, exclusion: hydra, Gastronok


Innate Abilities, Weirdness & Mutations

You cannot wear most types of armour.
You are very stealthy in the water. (Stealth+)
You are amphibious.
You can wear up to eight rings at the same time.
You can use your tentacles to constrict eight enemies at once.
Your skin changes colour to match your surroundings (Stealth+).
Your rubbery body absorbs attacks. (AC +1, EV +1)


Message History

The six-headed hydra bites you!
* * * LOW HITPOINT WARNING * * *
The six-headed hydra bites you!
* * * LOW HITPOINT WARNING * * *
The six-headed hydra barely misses you. The six-headed hydra misses you.
You block the six-headed hydra's attack.
The six-headed hydra closely misses you.
You feel much better. The six-headed hydra bites you!
* * * LOW HITPOINT WARNING * * *
The six-headed hydra completely misses you.
The six-headed hydra bites you!
* * * LOW HITPOINT WARNING * * *
The six-headed hydra completely misses you.
You block the six-headed hydra's attack.
The six-headed hydra barely misses you.
You feel much better. The six-headed hydra bites you!!
* * * LOW HITPOINT WARNING * * *
You block the six-headed hydra's attack.
The six-headed hydra bites you!
You die...

...P... #.# #......##.#
>...... ##.## #.....#....
....... #...###..........
....... ##...##.....##...
...P... #..###.....##...
...#...####.##......##...
(.#...†.†###.##.....###.+
.......DP.#P.#......##.#.
........@................
............!............
#.#..#P##.##.#.########.#
# ##### ######## #. #


You could see a six-headed hydra.

Vanquished Creatures
  A two-headed ogre (D:8)
  The ghost of chas the Cruncher, a novice MiMo of Hepliaklqana (D:7)
  An orc knight (Orc:1)
  A cyclops (Orc:1)
  4 spiny frogs
  2 centaur skeletons (D:8)
  2 komodo dragons
  A rime drake (Lair:2)
  A polar bear (Lair:1)
  3 trolls
  The ghost of Shayle the Chiller, an amateur DrIE (D:4)
  2 hippogriffs
  A dream sheep (Lair:2)
  Sigmund (D:2)
  4 yaks (D:9)
  3 basilisks
  A warg (Orc:1)
  3 water moccasins
  7 orc warriors
  3 porcupines
  3 ice beasts
  A sky beast (D:8)
  3 black bears
  2 necrophages
  6 ogres
  5 wolves (Lair:2)
  2 centaurs (D:7)
  6 crocodiles
  7 bullfrogs
  A gnoll sergeant (D:10)
  2 scorpions
  A wyvern skeleton (D:10)
  2 jellies
  4 wights (D:6)
  4 howler monkeys
  An electric eel (Lair:1)
  4 crimson imps
  A quasit (D:6)
  A centaur zombie (D:8)
  7 hounds
  A bullfrog skeleton (D:8)
  10 orc priests
  Crazy Yiuf (D:2)
  An iguana (D:9)
  11 orc wizards
  Ijyb (D:2)
  5 worker ants
  A hound skeleton (D:9)
  14 gnolls
  9 adders
  2 shadow imps
  2 oozes
  An adder skeleton (D:6)
  2 worms
  3 dart slugs
  6 leopard geckos
  50 orcs
  5 bats
  A giant cockroach (D:5)
  9 hobgoblins
  6 jackals
  8 kobolds
  4 quokkas
  5 frilled lizards
  15 goblins
  6 rats
  A spectral orc (D:2)
286 creatures vanquished.

Vanquished Creatures (others)
  A plant (Lair:2)
  5 toadstools (Lair:2)
6 creatures vanquished.

Grand Total: 292 creatures vanquished

Notes
Turn   | Place    | Note
-------+----------+-------------------------------------------
     0 | D:1      | penismuncher the Octopode Monk began the quest for the Orb.
     0 | D:1      | Reached XP level 1. HP: 16/16 MP: 1/1
   284 | D:1      | Reached XP level 2. HP: 19/21 MP: 2/2
   405 | D:1      | Reached skill level 4 in Unarmed Combat
   578 | D:2      | Found a snail-covered altar of Cheibriados.
   581 | D:2      | Reached XP level 3. HP: 26/26 MP: 3/3
   584 | D:2      | Became a worshipper of Cheibriados the Contemplative
   584 | D:2      | Reached * piety under Cheibriados
   584 | D:2      | Reached ** piety under Cheibriados
   632 | D:2      | Noticed Ijyb
   642 | D:2      | Killed Ijyb
   642 | D:2      | Reached XP level 4. HP: 21/31 MP: 4/4
   969 | D:2      | Noticed Sigmund
   980 | D:2      | Killed Sigmund
   980 | D:2      | Reached skill level 6 in Unarmed Combat
   980 | D:2      | Reached XP level 5. HP: 13/36 MP: 5/5
  1168 | D:2      | Reached XP level 6. HP: 42/42 MP: 6/6
  1215 | D:2      | Found a faded altar of an unknown god.
  1215 | D:2      | Found a faded altar of an unknown god.
  1220 | D:2      | Found a bloodstained altar of Trog.
  1223 | D:2      | Found a deep blue altar of Sif Muna.
  1225 | D:2      | Found a shimmering altar of Xom.
  1326 | D:2      | Found a runed door.
  1381 | D:2      | Found a basalt altar of Yredelemnul.
  1573 | D:2      | Noticed Crazy Yiuf
  1578 | D:2      | Killed Crazy Yiuf
  1578 | D:2      | Reached skill level 7 in Unarmed Combat
  1786 | D:3      | Found a hazy altar of Hepliaklqana.
  2014 | D:3      | You fall through a shaft for 3 floors!
  2017 | D:6      | Found Zyow's Book Emporium.
  2028 | D:6      | Reached *** piety under Cheibriados
  2037 | D:6      | Reached XP level 7. HP: 36/46 MP: 7/7
  2050 | D:6      | Reached skill level 8 in Unarmed Combat
  2285 | D:6      | Reached skill level 9 in Unarmed Combat
  2340 | D:6      | Got a warped cloak
  2346 | D:6      | Identified the +2 cloak "Tilolase" {rElec rPois rC+++ Int-3} (You found it on level 6 of the Dungeon)
  2598 | D:6      | Reached XP level 8. HP: 42/52 MP: 8/8
  2607 | D:6      | Reached **** piety under Cheibriados
  2730 | D:6      | Reached skill level 10 in Unarmed Combat
  2987 | D:5      | Entered Level 5 of the Dungeon
  3239 | D:5      | Found Miakung's Weapon Shop.
  3258 | D:5      | Found a glowing silver altar of Zin.
  3767 | D:5      | Found a bloodstained altar of Trog.
  3924 | D:5      | Reached skill level 1 in Shields
  3924 | D:5      | Reached skill level 1 in Invocations
  3960 | D:4      | Noticed Shayle's ghost (amateur DrIE)
  3972 | D:4      | Killed Shayle's ghost
  3972 | D:4      | Reached skill level 11 in Unarmed Combat
  3972 | D:4      | Reached XP level 9. HP: 33/56 MP: 10/10
  4475 | D:4      | Identified the Incunabulum of the Frostbite and the Voyage
  4482 | D:4      | Reached ***** piety under Cheibriados
  4770 | D:4      | Learned a level 4 spell: Petrify
  5452 | D:7      | Noticed chas's ghost (novice MiMo)
  5503 | D:7      | Killed chas's ghost
  5503 | D:7      | Reached skill level 1 in Transmutations
  5747 | D:7      | Found Xuriuv's Antique Weapon Boutique.
  5839 | D:7      | Reached skill level 12 in Unarmed Combat
  6023 | D:7      | Found a staircase to the Ecumenical Temple.
  6131 | D:7      | Found a hide-covered altar of Uskayaw.
  6176 | D:7      | Reached XP level 10. HP: 58/63 MP: 12/12
  6285 | D:7      | Found an ancient bone altar of Kikubaaqudgha.
  6315 | D:8      | Noticed a two-headed ogre
  6657 | D:8      | Found a staircase to the Lair.
  6700 | D:8      | Killed a two-headed ogre
  7063 | D:8      | Reached skill level 5 in Dodging
  7364 | D:9      | Reached ****** piety under Cheibriados
  8242 | D:9      | Reached skill level 13 in Unarmed Combat
  8265 | D:9      | Reached skill level 5 in Invocations
  8493 | D:10     | Entered Level 10 of the Dungeon
  8520 | D:10     | Reached XP level 11. HP: 63/67 MP: 14/14
  8739 | D:10     | Found a staircase to the Orcish Mines.
  9112 | D:10     | Found a roughly hewn altar of Beogh.
  9118 | D:10     | Reached skill level 5 in Shields
  9176 | Orc:1    | Entered Level 1 of the Orcish Mines
  9241 | Orc:1    | Noticed an orc knight
  9243 | Orc:1    | Noticed a cyclops
  9251 | Orc:1    | Killed an orc knight
  9255 | Orc:1    | Killed a cyclops
  9604 | Orc:1    | Noticed an orc sorcerer
  9607 | Orc:1    | Paralysed by an orc sorcerer for 5 turns
  9608 | Orc:1    | Noticed an orc high priest
  9809 | Lair:1   | Entered Level 1 of the Lair of Beasts
 10247 | Lair:1   | Reached skill level 5 in Transmutations
 11182 | Lair:2   | Noticed a six-headed hydra
 11598 | Lair:2   | Found a runed door.
 11730 | Lair:2   | Noticed Gastronok
 11778 | Lair:2   | Reached XP level 12. HP: 73/73 MP: 17/17
 11818 | Lair:2   | Reached skill level 14 in Unarmed Combat
 11824 | Lair:2   | HP: 1/74 [six-headed hydra (15)]
 11826 | Lair:2   | Mangled by a six-headed hydra

Vault maps used:
D:1:      saegor_arrival_simple_b
D:2:      yredelemnul_forgotten_temple_becter, kennysheep_slug_shrine,
          chequers_temple_overflow_minitemple, uniq_iyjb, uniq_sigmund,
          uniq_crazy_yiuf_cottage
D:3:      nicolae_overflow_crystal_walls
D:5:      lemuel_doored_altar, first_bread, serial_shops, kennysheep_mini_moat,
          trog_hazing_becter
D:6:      serial_shops, shop, kennysheep_generic_room_9
D:7:      kennysheep_mini, marbit_many_paths,
          minmay_temple_entry_statues_fountains, serial_shops,
          nicolae_shop_trees
D:8:      nicolae_overflow_hidden_temple, lair_entry_dummy
D:10:     minmay_orc_entry_temple_small, david_nohive_1,
          minmay_misc_feat_plants, uniq_sonja
Lair:1:   gammafunk_lair_bear_cave, grunt_megastairs_3, serial_bayou_shore_b,
          infiniplex_staircase_pool_2
Lair:2:   gammafunk_lair_enchanted_lake, uniq_gastronok
Orc:1:    nicolae_orc_accident_1, mines_bat_river

Skill      XL: |  1  2  3  4  5  6  7  8  9 10 11 12 |
---------------+-------------------------------------+-----
Unarmed Combat | 4 6 7 9 11 12 13 14 | 14.0
Shields        | 1 3 4 6 |  6.6
Invocations    | 1 3 5 7 |  7.4
Transmutations | 2 3 5 |  5.6
Dodging        | 4 5 6 |  6.2
Fighting       | |  3.7
Stealth        | |  2.6

Action                   |  1- 3 |  4- 6 |  7- 9 | 10-12 || total
-------------------------+-------+-------+-------+-------++-------
Melee: Unarmed           |    46 |    60 |   244 |   259 ||   609
       Constrict         |    11 |    16 |    57 |    44 ||   128
       Tentacles         |     9 |    11 |    88 |    96 ||   204
       Punch             |     2 |     2 |    31 |    42 ||    77
Invok: Slouch            |       |       |       |    12 ||    12
Evoke: Wand              |       |       |       |     4 ||     4
  Use: Scroll            |       |       |     5 |    10 ||    15
       Potion            |       |       |     3 |     2 ||     5
 Stab: Distracted        |     1 |       |     1 |     2 ||     4
       Sleeping          |     5 |     8 |    11 |    15 ||    39
       Invisible         |       |       |     6 |       ||     6
  Eat: Bread ration      |       |     1 |       |       ||     1
       Chunk             |       |       |     1 |     7 ||     8
       Royal jelly       |       |       |     1 |     2 ||     3
Armor: Skin              |     1 |     2 |     3 |     7 ||    13
Dodge: Dodged            |    24 |    38 |   203 |   175 ||   440
Block: Shield            |       |       |       |   104 ||   104
